[Event "Titled Tuesday Blitz August 09 Late 2022"]
[White "D`Arruda, Ricardo D."]
[Black "Averjanov, Alexey"]
[WhiteFideId "100692"]
[BlackFideId "14109867"]
[WhiteElo "2473"]
[BlackElo "2623"]
[Result "1/2-1/2"]
[Round "07"]
[TimeControl "180+1"]
[Date "2022.08.09"]
[WhiteClock "0:00:27"]
[BlackClock "0:00:39"]

1. d4 d5 2. Nf3 Nf6 3. g3 b6 4. Bg2 Bb7 5. O-O e6 6. c4 Nbd7 7. Ne5 Be7 8. Nc3 O-O 9. Qb3 c5 10. Nxd7 Qxd7 11. cxd5 exd5 12. dxc5 bxc5 13. Rd1 Rfd8 14. Bg5 Rab8 15. Bxf6 Bxf6 16. Bxd5 Bxd5 17. Nxd5 Rxb3 18. Nxf6+ gxf6 19. Rxd7 Rxd7 20. axb3 Rd2 21. Rxa7 Rxb2 22. Rc7 Rxb3 23. Rxc5 Kg7 24. Kg2 h6 25. h4 Rb2 26. e4 Ra2 27. Kf3 Ra3+ 28. Kf4 Ra2 29. f3 Rf2 30. Kg4 Rg2 31. Rc3 Rg1 32. f4 Rg2 33. Kf5 Rg1 34. g4 Rh1 35. h5 Ra1 36. Rc5 Ra4 37. Rd5 Rb4 38. Rd7 Rb5+ 39. e5 fxe5 40. fxe5 Ra5 41. Re7 Rb5 42. Kf4 Rb4+ 43. Kf5 Rb5 44. Rd7 Ra5 45. Rd4 Rb5 46. Ke4 Rb1 47. Kd5 Re1 48. Re4 Rd1+ 49. Kc6 Rd2 50. e6 fxe6 51. Rxe6 Rd4 52. Rg6+ Kh7 53. Kc5 Rd1 54. Kc4 Rd2 55. Kc5 Rd1 56. Kc4 Rd2 57. Kc5 Rd3 58. Kc4 Rd1 59. Kc5 Rd2 60. Kc4 Rd1 61. Kc5 Rd8 62. Kc4 Rd1 1/2-1/2


[Site "https://www.chess.com"]

[Event "Titled Tuesday Blitz August 09 Late 2022"]
[White "Demchenko, Anton"]
[Black "Souleidis, Georgios"]
[WhiteFideId "4160258"]
[BlackFideId "4206827"]
[WhiteElo "2539"]
[BlackElo "2401"]
[Result "1-0"]
[Round "07"]
[TimeControl "180+1"]
[Date "2022.08.09"]
[WhiteClock "0:00:23"]
[BlackClock "0:00:03"]

1. e4 c6 2. d4 d5 3. e5 c5 4. dxc5 e6 5. Bd3 Nd7 6. Nf3 Nxc5 7. O-O Bd7 8. Nc3 Ne7 9. Ne2 Nxd3 10. cxd3 Bb5 11. Ned4 Ba6 12. Bg5 Qd7 13. Rc1 Nc6 14. Nxc6 bxc6 15. Be3 Be7 16. Bc5 O-O 17. Re1 Rab8 18. b3 Rfc8 19. Re2 Bxc5 20. Rxc5 Rb5 21. Rec2 h6 22. h4 Rxc5 23. Rxc5 d4 24. Qe2 Rd8 25. Qe4 Qb7 26. Qxc6 Qxc6 27. Rxc6 Bxd3 28. Rd6 Rc8 29. Nxd4 Bb1 30. a4 a5 31. Nc6 Ra8 32. f3 Bc2 33. Nd4 Bg6 34. Kf2 Rb8 35. Ke3 Bb1 36. Kd2 Rc8 37. Nc6 Ra8 38. h5 g6 39. hxg6 Bxg6 40. Kc3 h5 41. Rd8+ Rxd8 42. Nxd8 h4 43. Nc6 Bh5 44. Nd4 Kf8 45. b4 axb4+ 46. Kxb4 Ke7 47. a5 Kd7 48. Kc5 Kc7 49. a6 Bg6 50. Nb5+ Kb8 51. Kb6 1-0


[Site "https://www.chess.com"]

[Event "Titled Tuesday Blitz August 09 Late 2022"]
[White "Esipenko, Andrey"]
[Black "Izoria, Zviad"]
[WhiteFideId "24175439"]
[BlackFideId "13601733"]
[WhiteElo "2619"]
[BlackElo "2626"]
[Result "1-0"]
[Round "07"]
[TimeControl "180+1"]
[Date "2022.08.09"]
[WhiteClock "0:00:48"]
[BlackClock "0:00:06"]

1. e4 e5 2. Nf3 Nc6 3. Bc4 Bc5 4. c3 Nf6 5. d3 h6 6. O-O d6 7. Re1 O-O 8. Nbd2 a5 9. Nf1 Be6 10. Bb5 Ba7 11. Ng3 Ne7 12. d4 c6 13. Ba4 Ng6 14. h3 Re8 15. Bc2 Qc7 16. Be3 b5 17. b3 Rad8 18. Qd2 d5 19. exd5 Bxd5 20. Bxg6 fxg6 21. Nxe5 g5 22. Qc2 c5 23. Qg6 cxd4 24. Bxd4 Bxd4 25. cxd4 Bf7 26. Nxf7 Qxf7 27. Qd3 Qd5 28. Rac1 Rxe1+ 29. Rxe1 Rd7 30. Nf5 Kf7 31. Qc2 a4 32. Re5 Qb7 33. Re7+ Rxe7 34. Nd6+ 1-0


[Site "https://www.chess.com"]

[Event "Titled Tuesday Blitz August 09 Late 2022"]
[White "Galperin, Platon"]
[Black "Nakamura, Hikaru"]
[WhiteFideId "14165414"]
[BlackFideId "2016192"]
[WhiteElo "2435"]
[BlackElo "2850"]
[Result "0-1"]
[Round "07"]
[TimeControl "180+1"]
[Date "2022.08.09"]
[WhiteClock "0:00:01"]
[BlackClock "0:00:38"]

1. Nf3 d5 2. d4 Nf6 3. c4 e6 4. Nc3 Be7 5. Bf4 O-O 6. a3 dxc4 7. e4 a6 8. Bxc4 b5 9. Bd3 Bb7 10. Qe2 Nbd7 11. e5 Nd5 12. Nxd5 Bxd5 13. h4 f5 14. exf6 Nxf6 15. h5 c5 16. dxc5 Bxc5 17. h6 g6 18. Rc1 Bb6 19. Be3 Bxf3 20. gxf3 Bxe3 21. fxe3 Qd6 22. Rg1 Rad8 23. Rd1 Qc5 24. f4 Rd5 25. Rg3 Rh5 26. Bxg6 hxg6 27. Rxg6+ Kh7 28. Rg7+ Kxh6 29. Rg1 Rh3 30. Rd3 Qc1+ 31. Kf2 Rh2+ 0-1


[Site "https://www.chess.com"]

[Event "Titled Tuesday Blitz August 09 Late 2022"]
[White "Goncalves, Davi Sulzbacher"]
[Black "Riehle, Marco"]
[WhiteFideId "2154510"]
[BlackFideId "12904392"]
[WhiteElo "2107"]
[BlackElo "2462"]
[Result "0-1"]
[Round "07"]
[TimeControl "180+1"]
[Date "2022.08.09"]
[WhiteClock "0:00:17"]
[BlackClock "0:02:23"]

1. d4 d5 2. c4 e6 3. Nf3 Nf6 4. g3 dxc4 5. Bg2 Bb4+ 6. Bd2 a5 7. O-O O-O 8. Bg5 h6 9. Bxf6 Qxf6 10. e4 b5 11. Qc2 Bb7 12. e5 Qg6 13. Qxg6 fxg6 14. a4 Bxf3 15. Bxf3 Rxf3 16. axb5 Rb3 17. Rc1 Rxb2 18. Rxc4 Nd7 19. Rxc7 Nb6 20. Rc6 Nd5 21. Rxe6 Rf8 22. f4 g5 23. Na3 gxf4 24. Nc4 Rc2 25. Nxa5 fxg3 26. Nc6 Rff2 27. hxg3 Rg2+ 28. Kh1 Rh2+ 0-1


[Site "https://www.chess.com"]

[Event "Titled Tuesday Blitz August 09 Late 2022"]
[White "Graif, William"]
[Black "Matinian, Nikita"]
[WhiteFideId "2609835"]
[BlackFideId "24129100"]
[WhiteElo "1942"]
[BlackElo "2422"]
[Result "0-1"]
[Round "07"]
[TimeControl "180+1"]
[Date "2022.08.09"]
[WhiteClock "0:00:06"]
[BlackClock "0:01:41"]

1. d4 Nf6 2. Nc3 g6 3. e4 d6 4. Bf4 Bg7 5. Qd2 Nc6 6. O-O-O Nh5 7. Be3 e5 8. d5 Nd4 9. Nge2 Nxe2+ 10. Bxe2 Bd7 11. Kb1 a6 12. Bxh5 gxh5 13. Bg5 Bf6 14. h4 Rg8 15. Rh2 Bxg5 16. hxg5 Qxg5 17. Qxg5 Rxg5 18. Rdh1 Ke7 19. Nd1 Rag8 20. Ne3 f5 21. exf5 Bxf5 22. Rxh5 Rxh5 23. Rxh5 Bg6 24. Rh6 Rf8 25. f3 Kf6 26. Kc1 Kg5 27. Rh1 h5 28. Kd2 h4 29. Ke2 e4 30. fxe4 Bxe4 31. c4 Re8 32. Kd2 b5 33. b3 b4 34. Rf1 Bg6 35. Rf2 a5 36. Nc2 Bxc2 37. Kxc2 Re3 38. Kd2 Rg3 39. Ke2 Kg4 40. Kf1 Rc3 41. Rd2 Kg3 42. Rd4 Rc1+ 43. Ke2 Rc2+ 44. Kf1 Rf2+ 45. Ke1 Rxg2 46. c5 Rxa2 47. Rc4 h3 48. cxd6 cxd6 49. Rc6 h2 0-1


[Site "https://www.chess.com"]

[Event "Titled Tuesday Blitz August 09 Late 2022"]
[White "Grischuk, Alexander"]
[Black "Babazada, Khazar"]
[WhiteFideId "4126025"]
[BlackFideId "13413554"]
[WhiteElo "2762"]
[BlackElo "2409"]
[Result "1-0"]
[Round "07"]
[TimeControl "180+1"]
[Date "2022.08.09"]
[WhiteClock "0:00:13"]
[BlackClock "0:00:04"]

1. d4 Nf6 2. c4 g6 3. Nc3 Bg7 4. e4 d6 5. Be2 O-O 6. Be3 e5 7. d5 a5 8. h4 h5 9. f3 Na6 10. Nh3 Nc5 11. Nf2 c6 12. g3 cxd5 13. cxd5 a4 14. Kf1 Bd7 15. Kg2 Qa5 16. Nd3 Nxd3 17. Qxd3 Rfc8 18. Rab1 b5 19. Nxb5 Bxb5 20. Qxb5 Qxb5 21. Bxb5 Rc2+ 22. Kh3 Rb8 23. Bxa4 Rcxb2 24. Rxb2 Rxb2 25. Rh2 Rb1 26. Rc2 Rb4 27. Bc6 Bf8 28. a4 Rb3 29. Bg5 Nh7 30. Ra2 Nxg5+ 31. hxg5 Be7 32. a5 Bxg5 33. a6 Be3 34. a7 Bxa7 35. Rxa7 Rxf3 36. Kg2 Rf6 37. Bd7 Kf8 38. Rb7 Kg7 39. Bh3 Kh6 40. Bd7 Kg7 41. Be8 Kf8 42. Rb8 Kg7 43. Rd8 Kf8 44. Bb5+ Kg7 45. Be2 Kh6 46. Bf3 Kg5 47. Rh8 h4 48. Rxh4 1-0


[Site "https://www.chess.com"]

[Event "Titled Tuesday Blitz August 09 Late 2022"]
[White "Hafiz, Arif Abdul"]
[Black "Ardila, Oscar Humberto"]
[WhiteFideId "7104227"]
[BlackFideId "4404742"]
[WhiteElo "2198"]
[BlackElo "1939"]
[Result "1-0"]
[Round "07"]
[TimeControl "180+1"]
[Date "2022.08.09"]
[WhiteClock "0:02:27"]
[BlackClock "0:02:13"]

1. e4 e5 2. Nc3 Nf6 3. f4 d6 4. Nf3 Bg4 5. Bc4 Be7 6. fxe5 dxe5 7. Bxf7+ Kf8 8. Bb3 Nc6 9. h3 Bh5 10. g4 Bg6 11. d3 Qd7 12. Be3 Nd4 13. Nxe5 Qd6 14. Bf4 Qb6 15. g5 Nh5 16. Nd7+ 1-0


[Site "https://www.chess.com"]

[Event "Titled Tuesday Blitz August 09 Late 2022"]
[White "Hakobyan, Aram"]
[Black "Sarana, Alexey"]
[WhiteFideId "13306677"]
[BlackFideId "24133795"]
[WhiteElo "2557"]
[BlackElo "2666"]
[Result "0-1"]
[Round "07"]
[TimeControl "180+1"]
[Date "2022.08.09"]
[WhiteClock "0:00:06"]
[BlackClock "0:00:10"]

1. d4 Nf6 2. c4 e6 3. a3 d5 4. cxd5 exd5 5. Nc3 c6 6. Bf4 Bf5 7. e3 Bd6 8. Bxd6 Qxd6 9. Qf3 Bg6 10. h4 Bh5 11. Qf4 Qxf4 12. exf4 Ne4 13. Bd3 f5 14. f3 Nd6 15. Nge2 O-O 16. Kf2 Nd7 17. Rhe1 Bf7 18. Ng3 g6 19. Re7 Rad8 20. Rae1 Rfe8 21. Rxe8+ Rxe8 22. Rd1 Nf8 23. Nge2 h5 24. g3 Ne6 25. b3 Kg7 26. Bc2 Rc8 27. Ke3 b6 28. Bd3 Re8 29. Kf2 Rc8 30. Ba6 Rc7 31. Nc1 Re7 32. Bf1 a5 33. N3e2 Rc7 34. Nd3 Nb5 35. Ne5 Nxa3 36. Rc1 Be8 37. Nc3 Nxd4 38. Nxd5 Rb7 39. Ne3 Nxb3 40. Rc3 a4 41. Nxc6 Nb1 42. Rc2 Rc7 43. Nb4 Rxc2+ 44. Nexc2 a3 45. Bc4 Bf7 46. Bxf7 Kxf7 47. Ke3 N1d2 48. Nxa3 Ke6 49. Nac2 Kd6 50. Nd3 Nc4+ 51. Kf2 Kd5 52. Ne3+ Nxe3 53. Kxe3 Ke6 54. Ne5 Kf6 55. Nd7+ Kf7 56. Nxb6 Nc5 57. Nc4 Kf6 58. Ne5 Ne6 59. Nd3 Ke7 60. Nb2 Kf6 61. Nc4 Ke7 62. Ne5 Kf6 63. Kd3 Nc7 64. Kd4 Nb5+ 65. Kc4 Na3+ 66. Kd5 Nc2 67. Nc6 Ne3+ 68. Kd6 Nf1 69. Ne7 Nxg3 70. Nd5+ Kf7 71. Ne3 Ne2 72. Ke5 Ng1 73. Ng2 Nxf3+ 74. Kd5 Kf6 75. Kd6 Nd2 76. Kd5 Ne4 77. Kd4 Ke6 78. Ke3 Nf6 79. Ne1 Kd5 80. Nd3 Ng4+ 81. Kf3 Kd4 82. Nb4 Kc5 83. Nd3+ Kd5 84. Nb4+ Kd6 85. Nd3 Ke6 86. Nb4 Nf6 87. Nd3 Nd7 88. Ke3 Kd5 89. Nb4+ Kc5 90. Nd3+ Kc4 91. Ne1 Nb6 92. Kf3 Nd5 93. Ng2 Kd3 94. Ne1+ Kd2 95. Ng2 Kd3 96. Ne1+ Kc3 97. Ng2 Kd2 98. Kf2 Kd3 99. Kf3 Kd4 100. Ne1 Nb4 101. Ng2 Nc2 102. Kf2 Ke4 103. Kg3 Nd4 104. Ne1 Ne2+ 105. Kf2 Nxf4 106. Nf3 Nd3+ 107. Kg3 f4+ 108. Kg2 Ne5 109. Ng5+ Kf5 110. Kh3 Nc4 111. Nf3 Nd6 112. Nd4+ Ke5 113. Nf3+ Ke4 114. Ng5+ Ke3 115. Kg2 Nf5 116. Nf3 Nd4 117. Ne5 f3+ 118. Kf1 Nf5 119. Nxg6 Ng3+ 120. Kg1 f2+ 121. Kg2 f1=Q+ 122. Kxg3 Qg1+ 123. Kh3 Qxg6 0-1


[Site "https://www.chess.com"]

[Event "Titled Tuesday Blitz August 09 Late 2022"]
[White "Harsha Bharathakoti"]
[Black "Goltsev, Dmitry"]
[WhiteFideId "5078776"]
[BlackFideId "24176710"]
[WhiteElo "2575"]
[BlackElo "2258"]
[Result "0-1"]
[Round "07"]
[TimeControl "180+1"]
[Date "2022.08.09"]
[WhiteClock "0:01:21"]
[BlackClock "0:01:11"]

1. f4 d5 2. Nf3 Nf6 3. g3 c5 4. Bg2 Nc6 5. O-O g6 6. d3 Bg7 7. Qe1 O-O 8. e4 dxe4 9. dxe4 Nd4 10. Na3 Nxf3+ 11. Rxf3 a6 12. c3 b5 13. e5 Nd5 14. Rd3 e6 15. c4 bxc4 16. Nxc4 Bb7 17. Be3 Qc7 18. Qa5 Rac8 19. Qxc7 Rxc7 20. a3 f6 21. exf6 Bxf6 22. Bf2 Rb8 23. Re1 Bc8 0-1


[Site "https://www.chess.com"]

[Event "Titled Tuesday Blitz August 09 Late 2022"]
[White "Harshavardhan G B"]
[Black "Rosen, Eric"]
[WhiteFideId "25059009"]
[BlackFideId "2032562"]
[WhiteElo "1890"]
[BlackElo "2362"]
[Result "0-1"]
[Round "07"]
[TimeControl "180+1"]
[Date "2022.08.09"]
[WhiteClock "0:00:02"]
[BlackClock "0:00:03"]

1. d4 d5 2. c4 e6 3. Nc3 Nf6 4. cxd5 exd5 5. Bg5 c6 6. e3 h6 7. Bh4 Bf5 8. Qf3 Bh7 9. Bxf6 Qxf6 10. Qxf6 gxf6 11. Nce2 Nd7 12. Nf3 a5 13. Ng3 Bb4+ 14. Kd1 a4 15. a3 Be7 16. Nh4 Nb6 17. Ngf5 Nc4 18. Kc2 Nd6 19. Bd3 Kd7 20. g4 h5 21. h3 Rag8 22. Rag1 Ke6 23. Nxd6 Bxd6 24. Bxh7 Rxh7 25. Nf5 hxg4 26. hxg4 Rxh1 27. Rxh1 Rxg4 28. Nh4 Be7 29. Kd3 b6 30. Nf3 Rg2 31. Ke2 Rg8 32. Rh6 c5 33. Rh5 c4 34. Ne1 b5 35. Nc2 Rb8 36. f3 f5 37. Rh6+ f6 38. Rh7 b4 39. axb4 Bxb4 40. Ra7 Bd6 41. Rxa4 Rxb2 42. Kd1 Rb3 43. Kd2 f4 44. Ke2 Rb2 45. Kd1 Rb1+ 46. Ke2 Rb2 47. Kd1 Rb1+ 48. Ke2 Rh1 49. Ra6 Rh2+ 50. Kd1 Rf2 51. exf4 Rxf3 52. Nb4 Rxf4 53. Nc2 Ke7 54. Ke2 Re4+ 55. Kf3 f5 56. Ra5 Ke6 57. Ra6 f4 58. Ra5 Kd7 59. Rxd5 Re6 60. Ra5 Rh6 61. Ra7+ Kc6 62. Ra6+ Kb5 63. Ra2 Rh3+ 64. Ke4 Rh1 65. d5 Rc1 66. Nd4+ Kc5 67. Ra5+ Kb6 68. Rb5+ Kc7 69. Ne6+ Kd7 70. Rb7+ Kc8 71. Rh7 c3 72. Rh8+ Kb7 73. Rh2 c2 74. Kd3 f3 75. Nd4 Bxh2 76. Nxc2 Rxc2 77. Kxc2 f2 0-1


[Site "https://www.chess.com"]

[Event "Titled Tuesday Blitz August 09 Late 2022"]
[White "Ibarra Jerez, Jose Carlos"]
[Black "Sorkin, Igor"]
[WhiteFideId "2226332"]
[BlackFideId "2803283"]
[WhiteElo "2628"]
[BlackElo "2401"]
[Result "1-0"]
[Round "07"]
[TimeControl "180+1"]
[Date "2022.08.09"]
[WhiteClock "0:00:05"]
[BlackClock "0:00:08"]

1. e4 c5 2. Nc3 e6 3. Nf3 a6 4. d4 cxd4 5. Nxd4 d6 6. g3 Nf6 7. Bg2 Be7 8. O-O O-O 9. g4 Nc6 10. g5 Nd7 11. f4 Re8 12. Nb3 Qc7 13. a4 Rb8 14. a5 Nc5 15. Nxc5 dxc5 16. e5 Nxa5 17. Rf3 Nc6 18. Rh3 Bf8 19. Ne4 Nd4 20. Qh5 h6 21. gxh6 g6 22. Nf6+ Kh8 23. Nxe8 Qd8 24. Qd1 Qxe8 25. h7 Bd7 26. Be3 Nf5 27. Bf2 Be7 28. Raa3 c4 29. Ra1 Bc6 30. Qf1 b5 31. Rxa6 Bxg2 32. Qxg2 Rd8 33. Ra1 Qd7 34. Rf3 Kxh7 35. Bb6 Rb8 36. Bf2 Rd8 37. Re1 Qd2 38. c3 Qxb2 39. Rh3+ Kg7 40. Qf3 Rd3 41. Qg4 Rd2 42. Rf1 b4 43. cxb4 c3 44. Be1 Rc2 45. Qf3 Bxb4 46. Qd3 Bc5+ 47. Kh1 Rc1 48. Qd8 Be7 49. Qh8# 1-0


[Site "https://www.chess.com"]

[Event "Titled Tuesday Blitz August 09 Late 2022"]
[White "Kosteniuk, Alexandra"]
[Black "Premnath, R."]
[WhiteFideId "4128125"]
[BlackFideId "5021928"]
[WhiteElo "2469"]
[BlackElo "2513"]
[Result "1-0"]
[Round "07"]
[TimeControl "180+1"]
[Date "2022.08.09"]
[WhiteClock "0:00:19"]
[BlackClock "0:00:01"]

1. e4 c5 2. Nf3 d6 3. d4 cxd4 4. Qxd4 a6 5. c4 e5 6. Qd1 Be7 7. Nc3 Nf6 8. Be2 h6 9. O-O Be6 10. Be3 Nbd7 11. Rc1 O-O 12. b4 Rc8 13. Nd2 Re8 14. h3 Bf8 15. a4 a5 16. bxa5 Nc5 17. f4 exf4 18. Bd4 Nfd7 19. Rxf4 Ne5 20. Nf1 Qxa5 21. Ne3 Ng6 22. Rf1 Bd7 23. Bf3 Nxa4 24. Ncd5 Nc5 25. Nf5 Ne5 26. Ra1 Qd8 27. Qc2 Bxf5 28. exf5 Nxf3+ 29. Rxf3 Qg5 30. f6 g6 31. Kh2 Ne6 32. Rg3 Qxd5 33. Rxg6+ Kh8 34. Qd2 Qh5 35. Rg4 1-0


[Site "https://www.chess.com"]

[Event "Titled Tuesday Blitz August 09 Late 2022"]
[White "Kravtsiv, Martyn"]
[Black "Kamsky, Gata"]
[WhiteFideId "14113147"]
[BlackFideId "2000024"]
[WhiteElo "2694"]
[BlackElo "2666"]
[Result "1-0"]
[Round "07"]
[TimeControl "180+1"]
[Date "2022.08.09"]
[WhiteClock "0:00:10"]
[BlackClock "0:00:04"]

1. e4 c5 2. Nf3 e6 3. d4 cxd4 4. Nxd4 a6 5. Be2 Nf6 6. Nc3 d6 7. O-O b5 8. Bf3 Ra7 9. Be3 Rc7 10. a4 b4 11. Nce2 Bb7 12. Ng3 Nbd7 13. Bd2 d5 14. exd5 Bxd5 15. Re1 Nb6 16. Bf4 Rc8 17. Ndf5 g6 18. Ne3 Bg7 19. a5 Bxf3 20. Qxd8+ Kxd8 21. axb6 Bb7 22. Bc7+ Rxc7 23. bxc7+ Kxc7 24. Nc4 Nd5 25. Ne4 Nb6 26. Nxb6 Kxb6 27. Nd6 Bd5 28. Nxf7 Rc8 29. c3 bxc3 30. bxc3 Bxc3 31. Rab1+ Ka7 32. Rec1 Rc7 33. Nd6 Ba5 34. Nc8+ Ka8 35. Rxc7 Bxc7 36. Nb6+ Bxb6 37. Rxb6 Ka7 38. Rb1 a5 39. f3 a4 40. Rb4 Bb3 41. Kf2 Ka6 42. Ke3 Ka5 43. Rb7 Bd5 44. Rxh7 a3 45. Ra7+ Kb4 46. Kd4 Kb3 47. h4 a2 48. Ke5 Kb2 49. Kf6 a1=Q 50. Rxa1 Kxa1 51. Kxg6 Bc4 52. h5 Bf1 53. h6 1-0


[Site "https://www.chess.com"]

[Event "Titled Tuesday Blitz August 09 Late 2022"]
[White "Ladan, Nicholas"]
[Black "Mahdavi, Reza"]
[WhiteFideId "30918855"]
[BlackFideId "12595926"]
[WhiteElo "2167"]
[BlackElo "2226"]
[Result "0-1"]
[Round "07"]
[TimeControl "180+1"]
[Date "2022.08.09"]
[WhiteClock "0:00:06"]
[BlackClock "0:00:38"]

1. d4 d5 2. c4 e6 3. Nf3 Nf6 4. g3 Bb4+ 5. Bd2 Be7 6. Bg2 O-O 7. O-O Nbd7 8. Qc2 Ne4 9. Bf4 c6 10. Nfd2 g5 11. Nxe4 gxf4 12. Ned2 fxg3 13. fxg3 f5 14. cxd5 cxd5 15. Nc3 Nf6 16. Nf3 Ng4 17. Qd2 Bd7 18. h3 Nf6 19. Ne5 Bd6 20. Qh6 Ne4 21. Nxe4 dxe4 22. Rf4 Be7 23. h4 Rf6 24. Qh5 Be8 25. Qg5+ Rg6 26. Qh5 Qxd4+ 0-1


[Site "https://www.chess.com"]

[Event "Titled Tuesday Blitz August 09 Late 2022"]
[White "Leiva, Gianmarco"]
[Black "Zhang, Eric"]
[WhiteFideId "3804399"]
[BlackFideId "30907667"]
[WhiteElo "2323"]
[BlackElo "2484"]
[Result "0-1"]
[Round "07"]
[TimeControl "180+1"]
[Date "2022.08.09"]
[WhiteClock "0:00:11"]
[BlackClock "0:00:20"]

1. e4 c5 2. Nf3 d6 3. Bb5+ Nd7 4. a4 a6 5. Be2 g6 6. O-O Bg7 7. Nc3 Ngf6 8. d4 cxd4 9. Qxd4 O-O 10. Rd1 Qb6 11. Qxb6 Nxb6 12. a5 Nbd7 13. Nd5 Nxd5 14. exd5 Nc5 15. Nd4 Bd7 16. Be3 Rac8 17. Rab1 Na4 18. c3 Nc5 19. f3 Bxd4 20. Bxd4 Bf5 21. Bxc5 Bxb1 22. Bxd6 exd6 23. Rxb1 Rc5 24. c4 Rxa5 25. b4 Ra2 26. Bf1 Rd2 27. Re1 Rb2 28. b5 a5 29. Re7 b6 30. Bd3 a4 31. Ra7 Re8 32. h4 Ra2 33. h5 Kg7 34. h6+ Kxh6 35. Rxf7 a3 36. Ra7 Rd2 37. Rxa3 Re3 38. Ra6 Rdxd3 39. Rxb6 Rc3 40. Rc6 Red3 41. b6 Rd4 42. b7 Rb3 43. Rxd6 Rxc4 44. Rc6 Rd4 45. Rc7 Rxd5 46. Kh2 Rdb5 47. Rd7 Rxb7 48. Rd4 R7b4 49. Rg4 Rxg4 50. fxg4 Kg5 51. g3 h5 52. Kg2 Kxg4 53. Kh2 Rxg3 54. Kh1 h4 55. Kh2 Kf3 56. Kh1 Kf2 57. Kh2 Rf3 58. Kh1 Rh3# 0-1


[Site "https://www.chess.com"]

[Event "Titled Tuesday Blitz August 09 Late 2022"]
[White "Lobanov, Sergei"]
[Black "Chigaev, Maksim"]
[WhiteFideId "24183750"]
[BlackFideId "4108116"]
[WhiteElo "2524"]
[BlackElo "2487"]
[Result "1-0"]
[Round "07"]
[TimeControl "180+1"]
[Date "2022.08.09"]
[WhiteClock "0:00:20"]
[BlackClock "0:00:02"]

1. Nf3 Nf6 2. b3 g6 3. Bb2 Bg7 4. c4 O-O 5. g3 d6 6. Bg2 e5 7. d3 c5 8. O-O Nc6 9. Nc3 h6 10. Nd2 Be6 11. Nd5 Ne8 12. f4 f5 13. e3 Rb8 14. a3 Kh7 15. Qe2 Qd7 16. Bc3 Nf6 17. b4 exf4 18. Bxf6 Bxf6 19. Nxf6+ Rxf6 20. gxf4 Re8 21. Qf2 b6 22. b5 Nd8 23. a4 Nb7 24. Bc6 Qf7 25. Bxe8 Qxe8 26. e4 Rf8 27. Rae1 Qf7 28. Qh4 Nd8 29. Nf3 Kg7 30. exf5 Qxf5 31. Qe7+ Kg8 32. Qxd6 Qg4+ 33. Kh1 Bf5 34. Ne5 Qh5 35. Rg1 Ne6 36. Re3 Rf6 37. Nd7 Rf7 38. Qd5 Kh7 39. Ne5 Rg7 40. Nd7 Nxf4 41. Nf6+ 1-0


[Site "https://www.chess.com"]

[Event "Titled Tuesday Blitz August 09 Late 2022"]
[White "Maksimovic, Bojan"]
[Black "Taichman, Ori"]
[WhiteFideId "14408120"]
[BlackFideId "2804069"]
[WhiteElo "2447"]
[BlackElo "2227"]
[Result "0-1"]
[Round "07"]
[TimeControl "180+1"]
[Date "2022.08.09"]
[WhiteClock "0:00:26"]
[BlackClock "0:00:10"]

1. e4 c5 2. Nf3 Nc6 3. d4 cxd4 4. Nxd4 d5 5. exd5 Qxd5 6. Be3 e6 7. Nc3 Bb4 8. Be2 Nge7 9. O-O Bxc3 10. bxc3 O-O 11. c4 Qa5 12. Nb5 Rd8 13. Qe1 Nf5 14. Qxa5 Nxa5 15. Bxa7 Rd2 16. Bd3 Bd7 17. Bb6 Nc6 18. a3 Ne5 19. Rfd1 Rxd1+ 20. Rxd1 Nxd3 21. Rxd3 Bc6 22. g3 Kf8 23. Bc5+ Kg8 24. f3 f6 25. Kf2 Kf7 26. Bb4 h5 27. h4 g5 28. hxg5 fxg5 29. g4 hxg4 30. fxg4 Nh6 31. Kg3 e5 32. Rd6 Kg7 33. Bc3 Nf7 34. Re6 Bxb5 35. Bxe5+ Nxe5 36. Rxe5 Rxa3+ 37. Kf2 Bxc4 38. Rxg5+ Kf6 39. Rc5 b5 40. Ke1 Rg3 41. Rc6+ Kg5 42. Kd2 Rxg4 43. Rc8 Kf5 44. Rf8+ Ke5 45. Kc3 Kd5 46. Rd8+ Kc6 47. Rc8+ Kb7 48. Rh8 Rg2 49. Rh7+ Kb6 50. Rh8 Rg6 51. Rb8+ Kc5 52. Rb7 Rc6 53. Rb8 Be2 54. Kd2 Bf1 55. Kc3 Kd6+ 56. Kb3 Be2 57. Rd8+ Kc7 58. Rd2 Bf1 59. Rf2 Bc4+ 60. Kb4 Rd6 61. Rh2 Re6 62. Kc5 Re2 63. Rh7+ Kd8 64. c3 Re3 65. Kb4 Rd3 66. Rg7 Ke8 67. Ra7 Rd7 68. Ra8+ Ke7 69. Ra1 Ke6 70. Kc5 Kf5 71. Re1 Rd5+ 72. Kb4 Re5 73. Rh1 Ke4 74. Rh4+ Kd3 75. Rh3+ Kc2 76. Rh2+ Re2 77. Rh1 Kb2 78. Rh3 Ka2 79. Rh8 Rb2+ 80. Kc5 Kb3 81. Rh3 Rc2 82. Kd4 Rd2+ 83. Ke4 Kc2 84. Rg3 Rd3 85. Rg5 Kxc3 86. Rg1 Rd4+ 87. Ke3 Rd8 88. Rc1+ Kb2 89. Rxc4 bxc4 0-1


[Site "https://www.chess.com"]

[Event "Titled Tuesday Blitz August 09 Late 2022"]
[White "Mcconnell, Sullivan"]
[Black "Bartholomew, John"]
[WhiteFideId "30934885"]
[BlackFideId "2019353"]
[WhiteElo "2617"]
[BlackElo "2754"]
[Result "1-0"]
[Round "07"]
[TimeControl "180+1"]
[Date "2022.08.09"]
[WhiteClock "0:00:24"]
[BlackClock "0:00:03"]

1. e4 c5 2. Nc3 a6 3. f4 b5 4. Nf3 Bb7 5. d3 e6 6. g3 d5 7. Bg2 b4 8. exd5 bxc3 9. dxe6 fxe6 10. bxc3 Nf6 11. O-O Be7 12. Ng5 Bxg2 13. Kxg2 Qd5+ 14. Qf3 Qxf3+ 15. Kxf3 Kd7 16. Re1 Nc6 17. Nxe6 g6 18. Ba3 Nd5 19. Bxc5 Nxc3 20. Bxe7 Nxe7 21. Nc5+ Kd6 22. Re6+ Kxc5 23. Rxe7 Nd5 24. Re5 Rhe8 25. c4 Rxe5 26. fxe5 Rf8+ 27. Ke4 Nc3+ 28. Ke3 Rf5 29. e6 Na4 30. d4+ Kxc4 31. e7 Nc3 32. Rc1 1-0


[Site "https://www.chess.com"]

[Event "Titled Tuesday Blitz August 09 Late 2022"]
[White "Oparin, Grigoriy"]
[Black "Mardov, Dimitar"]
[WhiteFideId "24125890"]
[BlackFideId "30919495"]
[WhiteElo "2639"]
[BlackElo "2185"]
[Result "0-1"]
[Round "07"]
[TimeControl "180+1"]
[Date "2022.08.09"]
[WhiteClock "0:01:08"]
[BlackClock "0:01:17"]

1. c4 e5 2. Nc3 Nc6 3. Nf3 Bb4 4. g3 Bxc3 5. bxc3 d6 6. Bg2 f5 7. d3 Nf6 8. c5 O-O 9. cxd6 cxd6 10. O-O Be6 11. Rb1 Qd7 12. Qd2 h6 13. Ba3 Rac8 14. Ne1 b6 15. Nc2 Bxa2 16. Ra1 Bd5 17. f3 Be6 18. c4 Rfd8 19. Rfc1 d5 20. cxd5 Nxd5 21. Bb2 Na5 22. Ra3 e4 23. fxe4 fxe4 24. Bxe4 Ne7 25. Nd4 Rxc1+ 26. Qxc1 Bd5 27. Qe3 Re8 28. Nf5 Nxf5 29. Bxd5+ Kh8 30. Be4 Nxe3 0-1


[Site "https://www.chess.com"]

[Event "Titled Tuesday Blitz August 09 Late 2022"]
[White "Pakleza, Zbigniew"]
[Black "Bortnyk, Olexandr"]
[WhiteFideId "1119290"]
[BlackFideId "14120828"]
[WhiteElo "2411"]
[BlackElo "2723"]
[Result "0-1"]
[Round "07"]
[TimeControl "180+1"]
[Date "2022.08.09"]
[WhiteClock "0:00:07"]
[BlackClock "0:00:05"]

1. d4 d6 2. Nf3 Nf6 3. Bf4 b6 4. e3 Bb7 5. h3 Nbd7 6. Be2 e6 7. c4 Be7 8. Nc3 h6 9. Rc1 a6 10. a3 Ra7 11. Bh2 Qa8 12. b4 O-O 13. O-O Ne4 14. Nxe4 Bxe4 15. Ne1 a5 16. b5 a4 17. Bf3 d5 18. Bxe4 dxe4 19. Nc2 c6 20. bxc6 Qxc6 21. Nb4 Bxb4 22. axb4 a3 23. b5 Qb7 24. Qb3 a2 25. Ra1 Rfa8 26. Rfc1 e5 27. c5 bxc5 28. dxc5 Ra3 29. Qb2 Qd5 30. c6 Rb3 31. Qc2 Nb6 32. Rxa2 Rxa2 33. Qxa2 Rc3 34. Qa1 Rxc1+ 35. Qxc1 Qxb5 36. c7 Nc8 37. Bg3 Qd5 38. Qb2 f6 39. Qb8 Qd7 40. h4 Kf7 41. h5 Ke7 42. f3 exf3 43. gxf3 Kd6 44. Be1 Kc6 45. Bb4 Qf5 46. Kf2 Kd7 47. Qb5+ Kxc7 48. Ba5+ Kd6 49. Bb4+ Kc7 50. Ba5+ Kd6 51. Bb4+ Ke6 52. Qc6+ Kf7 53. Qc7+ Kg8 54. Bf8 Kxf8 55. Qd8+ Kf7 56. e4 Qe6 57. Qc7+ Ne7 58. Qc2 Qh3 59. Ke3 Qxh5 60. Qa2+ Kf8 61. Qh2 Qxh2 0-1


[Site "https://www.chess.com"]